 Dungeon Crawl Stone Soup version 0.19-a0-667-g8a1b79c (webtiles) character file.

263 TheGoonsmith the Firebug (level 6, -1/32 HPs)
             Began as a Gargoyle Fire Elementalist on June 16, 2016.
             Splashed by a jelly's acid (12 damage)
             ... on level 4 of the Dungeon.
             The game lasted 00:05:39 (3679 turns).

TheGoonsmith the Firebug (GrFE)                     Turns: 3679, Time: 00:05:39

Health: -1/32      AC:  7    Str: 11    XL:     6   Next: 19%
Magic:  4/10       EV: 12    Int: 18    God:
Gold:   362        SH:  0    Dex: 10    Spells: 3 memorised, 2 levels left

rFire  . . .     SeeInvis +     l - +0 flail
rCold  . . .     Gourm    .     a - +0 robe
rNeg   + . .     Faith    .     (no shield)
rPois  ∞         Spirit   .     (no helmet)
rElec  +         Dismiss  .     t - +0 cloak
rCorr  .         Reflect  .     (no gloves)
SustAt .         Harm     .     (no boots)
MR     .....                    (no amulet)
Stlth  ++........               (no ring)
                                k - ring of see invisible

@: not resistant to hostile enchantments, unstealthy
A: negative energy resistance 1, electricity resistance, unbreathing,
petrification resistance, rot immunity, AC +4
a: no special abilities


You were on level 4 of the Dungeon.
You were not hungry.

You visited 1 branch of the dungeon, and saw 5 of its levels.

You collected 362 gold pieces.

Inventory:

Hand Weapons
 d - a +0 short sword
 f - a +0 mace
 l - a +0 flail (weapon)
 m - the +5 hunting sling of Yryniatt {freeze, Str+2}
   (You took it off a kobold on level 4 of the Dungeon)

   It causes projectiles fired from it to freeze those they strike, causing
   extra injury to most foes and up to half again as much damage against
   particularly susceptible opponents.
   They can also slow down cold-blooded creatures.
   It affects your strength (+2).
Armour
 a - a +0 robe (worn)
 t - a +0 cloak (worn)
Jewellery
 k - a ring of see invisible (left hand)
Scrolls
 g - a scroll of noise
 s - a scroll of identify
 u - a scroll of amnesia {unknown}
Potions
 e - a potion of mutation {unknown}
 h - a potion of might
 i - a potion of degeneration {unknown}
 j - 2 potions of curing {unknown}
 n - a potion of heal wounds {unknown}
 r - a potion of magic {unknown}
 w - a potion of agility {unknown}
Books
 b - a book of Flames

   Spells                             Type                      Level
   a - Flame Tongue                   Conjuration/Fire             1
   b - Throw Flame                    Conjuration/Fire             2
   c - Conjure Flame                  Conjuration/Fire             3
   d - Inner Flame                    Hexes/Fire                   3
   e - Sticky Flame                   Conjuration/Fire             4
   f - Fireball                       Conjuration/Fire             5
Comestibles
 c - a bread ration
 o - a slice of pizza
 p - a meat ration
 q - a royal jelly
 v - 3 fruits


   Skills:
 - Level 1.5 Dodging
 - Level 2.1 Stealth
 + Level 2.9 Spellcasting
 * Level 4.4 Conjurations
 * Level 4.7 Fire Magic


You had 2 spell levels left.
You knew the following spells:

 Your Spells              Type           Power        Failure   Level  Hunger
a - Flame Tongue          Conj/Fire      ###..        2%          1    None
c - Conjure Flame         Conj/Fire      ###.....     10%         3    ###....
s - Sticky Flame          Conj/Fire      ###.....     28%         4    ####...


Dungeon Overview and Level Annotations

Branches:
Dungeon (5/15)
 Temple: D:4-7

Altars:
Ashenzari
Cheibriados
Dithmenos
Elyvilon
Gozag
Makhleb
Nemelex Xobeh
Okawaru
Pakellas
Qazlal
Ru
Sif Muna
Zin
The Shining One

Annotations:
D:5 goofnerd's ghost, novice MiFi


Innate Abilities, Weirdness & Mutations

You are resistant to torment.
Your stone body is resilient. (AC +4)
You are immune to poison.
You resist negative energy. (rN+)
You are resistant to electric shocks. (rElec)
You can survive without breathing.
You are immune to petrification.
You are immune to rotting.


Message History

The jelly hits you.
You are splashed with acid!
The acid corrodes you!
The acid burns!
The gnoll hits you from afar with a scythe.
* * * LOW HITPOINT WARNING * * *
You hear the slow rusting of a very distant drain.
You are no longer corroded.
Your magical contamination has completely faded away.
There is a stone staircase leading up here.
The jelly hits you but does no damage.
You climb upwards.
There is a stone staircase leading down here.
Casting: Flame Tongue
Confirm with . or Enter, or press ? or * to list all spells.
Aiming: Flame Tongue
Press: ? - help, Shift-Dir - straight line, f - jelly
Aim: a jelly (heavily wounded)
The flame tongue hits the jelly.
The jelly is severely wounded.
The jelly hits you.
You are splashed with acid!
The acid burns!
You die...

#.# ####...##### #.# #####
##........... #.#
#...###..........#. #.#
#.#................ #.#
#...###..........#. #.#
##.#####.##...####. #.#
#(............# #. #.###
#########.##....# #.
#...###..@......###.#.###.
#.......J######.##.#...##.
###......# #...###.....
#.####.# #..#####..#. #.#
#.# #.##...##... #.# #.#
##..#...#..#. #.#
#.#####..........#. ###.#
#.......#.......... #...#
#######.....<...###


You could see a jelly.

Vanquished Creatures
  A phantom (D:4)
  A hound (D:4)
  An iguana (D:4)
  6 adders
  2 adder skeletons (D:4)
  3 worms (D:2)
  2 dart slugs (D:1)
  2 orcs
  3 bats
  A giant cockroach (D:2)
  A goblin (D:3)
  3 hobgoblins
  9 jackals
  6 kobolds
  2 quokkas
  A giant gecko skeleton (D:5)
  2 giant newts
  8 rats
54 creatures vanquished.

Notes
Turn   | Place    | Note
--------------------------------------------------------------
     0 | D:1      | TheGoonsmith the Gargoyle Fire Elementalist began the quest for the Orb.
     0 | D:1      | Reached XP level 1. HP: 10/10 MP: 3/3
   420 | D:1      | Reached XP level 2. HP: 15/15 MP: 0/5
   961 | D:2      | Reached XP level 3. HP: 12/19 MP: 0/6
  1726 | D:2      | Found a stormy altar of Qazlal.
  1779 | D:2      | Found a glowing silver altar of Zin.
  1779 | D:2      | Found a glowing golden altar of the Shining One.
  1779 | D:2      | Found a white marble altar of Elyvilon.
  1853 | D:3      | Reached XP level 4. HP: 24/24 MP: 4/7
  2537 | D:4      | Reached XP level 5. HP: 27/28 MP: 3/8
  2763 | D:4      | Noticed a phantom
  3129 | D:4      | Found an iron altar of Okawaru.
  3131 | D:4      | Found a burning altar of Makhleb.
  3133 | D:4      | Found a shattered altar of Ashenzari.
  3134 | D:4      | Found a snail-covered altar of Cheibriados.
  3134 | D:4      | Found a sacrificial altar of Ru.
  3134 | D:4      | Found an oddly glowing altar of Pakellas.
  3136 | D:4      | Found a sparkling altar of Nemelex Xobeh.
  3137 | D:4      | Found an opulent altar of Gozag.
  3138 | D:4      | Found a deep blue altar of Sif Muna.
  3139 | D:4      | Found a shadowy altar of Dithmenos.
  3258 | D:4      | Killed a phantom
  3258 | D:4      | Reached XP level 6. HP: 29/32 MP: 1/10
  3267 | D:4      | Learned a level 3 spell: Conjure Flame
  3272 | D:4      | Learned a level 4 spell: Sticky Flame
  3522 | D:4      | Got a bone hunting sling
  3523 | D:4      | Identified the +5 hunting sling of Yryniatt {freeze, Str+2} (You took it off a kobold on level 4 of the Dungeon)
  3554 | D:5      | Entered Level 5 of the Dungeon
  3554 | D:5      | Noticed goofnerd's ghost (novice MiFi)
  3630 | D:5      | Noticed a phantom
  3679 | D:4      | Splashed by a jelly's acid

Vault maps used:
D:1:      lightli_arrival_lavapool, kennysheep_minor_cross
D:2:      good_gods_mini_temple, first_bread, grunt_qazlal_sundering
D:4:      minitemple
D:5:      minmay_temple_entry_poolview, portal_sewer_entry_e, sigmund_army,
          uniq_prince_ribbit1

Skill      XL: |  1  2  3  4  5 |
---------------+----------------+-----
Conjurations   | 2 3 4 |  4.4
Fire Magic     | 4 |  4.7
Dodging        | |  1.5
Stealth        | |  2.1
Spellcasting   | |  2.9

Action                   |  1- 3 |  4- 6 || total
-------------------------+-------+-------++-------
Melee: Unarmed           |     7 |       ||     7
       Short sword       |     8 |       ||     8
       Mace              |     2 |    10 ||    12
       Flail             |       |    15 ||    15
 Cast: Flame Tongue      |    59 |    80 ||   139
  Use: Scroll            |       |     8 ||     8
       Potion            |       |     1 ||     1
  Eat: Chunk             |     4 |     4 ||     8
       Bread ration      |       |     1 ||     1
Armor: Robe              |     2 |    18 ||    20
Dodge: Dodged            |    20 |    40 ||    60
